 Dungeon Crawl Stone Soup version 0.25-a0-302-g9f758675c1 (webtiles) character file.

Game seed: 15227561335189944629, levelgen mode: deterministic

42 DerDa the Ruffian (level 3, -3/28 HPs)
             Began as a Gnoll Wanderer on Dec 20, 2019.
             Slain by a worm (12 damage)
             ... on level 2 of the Dungeon.
             The game lasted 00:04:07 (1683 turns).

DerDa the Ruffian (Gnoll Wanderer)                  Turns: 1683, Time: 00:04:08

Health: -3/28      AC:  3    Str: 13    XL:     3   Next: 54%
Magic:  7/7        EV: 11    Int: 19    God:
Gold:   88         SH:  0    Dex: 11    Spells: 6/7 levels left

rFire    . . .     SeeInvis .   a - +0 club
rCold    . . .     Gourm    .   (no shield)
rNeg     . . .     Faith    .   d - +0 robe
rPois    .         Spirit   .   l - +0 helmet
rElec    .         Reflect  .   (no cloak)
rCorr    .         Harm     .   (no gloves)
MR       .....                  (no boots)
Stlth    ++........             (no amulet)
HPRegen  0.09/turn              (no ring)
MPRegen  0.10/turn              (no ring)

@: no status effects
A: distributed training, fangs 1, strong nose
a: no special abilities


You were on level 2 of the Dungeon.
You were not hungry.

You visited 1 branch of the dungeon, and saw 2 of its levels.

You collected 88 gold pieces.

Inventory:

Hand Weapons
 a - a +0 club (weapon)
 f - a +0 dagger
Missiles
 c - 14 sling bullets
 m - 3 stones (quivered)
Armour
 d - a +0 robe (worn)
 l - a +0 helmet (worn)
Scrolls
 e - a scroll of blinking
 h - a scroll of remove curse {unknown}
 j - a scroll of enchant weapon {unknown}
 p - a scroll of teleportation {unknown}
Potions
 b - a potion of haste
 i - a potion of brilliance {unknown}
 n - a potion of mutation {unknown}
 o - a potion of might {unknown}
Comestibles
 g - 2 rations
 k - 4 chunks of flesh


   Skills:
 + Level 2.6 Fighting
 + Level 0.8 Short Blades
 + Level 0.8 Long Blades
 + Level 0.8 Axes
 + Level 0.8 Maces & Flails
 + Level 0.8 Polearms
 + Level 0.8 Staves
 + Level 0.8 Slings
 + Level 0.8 Bows
 + Level 0.8 Crossbows
 + Level 0.8 Throwing
 + Level 0.8 Armour
 + Level 0.8 Dodging
 + Level 4.1 Stealth
 + Level 2.6 Shields
 + Level 4.5 Unarmed Combat
 + Level 2.8 Spellcasting
 + Level 0.5 Conjurations
 + Level 0.5 Hexes
 + Level 0.5 Charms
 + Level 2.1 Summonings
 + Level 0.5 Necromancy
 + Level 0.5 Translocations
 + Level 0.5 Transmutations
 + Level 0.5 Fire Magic
 + Level 0.5 Ice Magic
 + Level 0.5 Air Magic
 + Level 0.5 Earth Magic
 + Level 2.1 Poison Magic
 + Level 1.0 Invocations
 + Level 2.6 Evocations


You had 6 spell levels left.
You knew the following spells:

 Your Spells              Type           Power        Failure   Level  Hunger
a - Summon Butterflies    Summ           ##......     6%          1    None

Your spell library contained the following spells:

 Spells                   Type           Power        Failure   Level  Hunger
 Summon Guardian Golem    Hex/Summ       #.......     26%         3    ###....


Dungeon Overview and Level Annotations

Branches:
Dungeon (2/15)

Altars:


Innate Abilities, Weirdness & Mutations

Your experience applies equally to all skills.
You have very sharp teeth.
Your uncanny sense of smell can sniff out nearby items.


Message History

You hit the worm but do no damage.
The worm is moderately wounded.
You hit the worm.
The worm is moderately wounded.
The worm closely misses you.
You hit the worm.
The worm is heavily wounded.
The worm bites you!
You hit the worm but do no damage.
The worm is heavily wounded.
The worm closely misses you.
You hit the worm.
The worm is heavily wounded.
You hit the worm.
The worm is severely wounded.
The worm bites you!
You hit the worm but do no damage.
The worm is severely wounded.
The worm bites you!
You die...

#.# #.# ...#
#.# #.# #..#
# <.# #.#
#..# .# ###
#.###..##.#
##.........#
#......#.##
#.####...#
#.# #!###
#.# #@# #.#
#w# ..# .r.
#.# .....
..........
........#
.#........ ∆
..........##


You could see a worm and a rat.

Vanquished Creatures
  An ooze (D:1)
  2 dart slugs
  A leopard gecko (D:1)
  5 bats (D:1)
  2 giant cockroaches
  2 goblins (D:1)
  8 hobgoblins
  3 kobolds
  5 rats (D:1)
29 creatures vanquished.

Notes
Turn   | Place    | Note
-------+----------+-------------------------------------------
     0 | D:1      | DerDa the Gnoll Wanderer began the quest for the Orb.
     0 | D:1      | DerDa set off with the following items: a +0 club, a potion
                  | of haste, a +0 robe, a scroll of blinking, a +0 dagger, a
                  | ration; and the following spell memorised: Summon
                  | Butterflies; and the following spells available to
                  | memorise: Summon Guardian Golem
     0 | D:1      | Reached XP level 1. HP: 17/17 MP: 4/4
   459 | D:1      | Reached XP level 2. HP: 11/23 MP: 5/5
   908 | D:1      | Reached XP level 3. HP: 17/28 MP: 7/7
  1597 | D:2      | Reached skill level 1 in Invocations
  1683 | D:2      | Slain by a worm

Levels and vault maps discovered:
D:1:      nagdon_arrival_double_spiral, layout_loops_ring
D:2:      layout_loops_ring, lemuel_round_altar, chequers_garden,
          minmay_pentomino_w2

Skill      XL: |  1  2  3 |
---------------+----------+-----
Summonings     | 2 |  2.1
Poison Magic   | 2 |  2.1
Invocations    | 1 |  1.0
Fighting       | |  2.6
Short Blades   | |  0.8
Long Blades    | |  0.8
Axes           | |  0.8
Maces & Flails | |  0.8
Polearms       | |  0.8
Staves         | |  0.8
Slings         | |  0.8
Bows           | |  0.8
Crossbows      | |  0.8
Throwing       | |  0.8
Armour         | |  0.8
Dodging        | |  0.8
Stealth        | |  4.1
Shields        | |  2.6
Unarmed Combat | |  4.5
Spellcasting   | |  2.8
Conjurations   | |  0.5
Hexes          | |  0.5
Charms         | |  0.5
Necromancy     | |  0.5
Translocations | |  0.5
Transmutations | |  0.5
Fire Magic     | |  0.5
Ice Magic      | |  0.5
Air Magic      | |  0.5
Earth Magic    | |  0.5
Evocations     | |  2.6

Action                   || total
-------------------------++-------
Melee: Club              ||   157
       Punch             ||     5
       Bite              ||    11
 Cast: Summon Butterflie ||     3
 Stab: Sleeping          ||    10
  Eat: Chunk             ||     3
Armor: Robe              ||    52
Dodge: Dodged            ||   116

Table legend:
 A = Non-vault XP
 B = Vault XP
 C = Vault XP percentage of total XP
 D = Non-vault monster count
 E = Vault monster count
 F = Vault count percentage of total count
                 A         B        C        D         E       F
            +---------+---------+-------+---------+---------+-------
      Total |      60 |       0 |   0.0 |      29 |       0 |   0.0
            +---------+---------+-------+---------+---------+-------
        D:1 |      48 |       0 |   0.0 |      24 |       0 |   0.0
        D:2 |      12 |       0 |   0.0 |       5 |       0 |   0.0
            +---------+---------+-------+---------+---------+-------
